 Dungeon Crawl Stone Soup version 0.26-a0-651-gb41185065b (webtiles) character file.

Game seed: 6603643652180344961

(classic levelgen) 3028 EnegeticOcto the Cleaver (level 9, 54/82 HPs)
             Began as a Deep Dwarf Fighter on Oct 14, 2020.
             Was a Believer of Makhleb.
             Quit the game on level 7 of the Dungeon.
             The game lasted 00:02:54 (2904 turns).

EnegeticOcto the Cleaver (Deep Dwarf Fighter)       Turns: 2904, Time: 00:02:55

Health: 54/82      AC: 14    Str: 23    XL:     9   Next: 56%
Magic:  7/7        EV:  5    Int:  9    God:    Makhleb [**....]
Gold:   215        SH: 12    Dex: 12    Spells: 8/8 levels left

rFire    . . .     SeeInvis .   a - +1 war axe
rCold    . . .     Faith    .   c - +1 kite shield
rNeg     . . .     Spirit   .   z - +0 plate armour
rPois    .         Reflect  .   (no helmet)
rElec    .         Harm     .   v - scarf {+Inv}
rCorr    .         Rampage  .   (no gloves)
MR       +....                  g - +0 pair of boots (curse)
Stlth    ..........             (no amulet)
HPRegen  0.00/turn              (no ring)
MPRegen  0.10/turn              (no ring)

@: non-regenerating
A: damage resistance, heal wounds, sense surroundings 2, no regeneration
a: Heal Wounds, Minor Destruction, Renounce Religion, Evoke Invisibility


You were on level 7 of the Dungeon.
You worshipped Makhleb.
Makhleb was pleased with you.
You visited 2 branches of the dungeon, and saw 8 of its levels.

You collected 215 gold pieces.

Inventory:

Hand Weapons
 a - a +1 war axe (weapon)
Missiles
 r - 2 throwing nets (quivered)
Armour
 c - a +1 kite shield (worn)
 g - a cursed +0 pair of boots (worn)
 v - a scarf of invisibility (worn)
 z - a +0 plate armour (worn)
Jewellery
 k - a +6 ring of strength {unknown}
Wands
 s - a wand of disintegration (11)
Scrolls
 e - 3 scrolls of enchant armour
 f - 2 scrolls of remove curse {@r2}
 l - a scroll of identify {@r1}
Potions
 b - a potion of degeneration {unknown}
 d - 3 potions of might {@q3}
 h - a potion of cancellation {unknown}
 i - a potion of ambrosia
 j - a potion of mutation
 n - a potion of curing {unknown}
 t - a potion of brilliance {unknown}
 w - a potion of magic {unknown}


   Skills:
 + Level 5.7 Fighting
 * Level 9.0 Axes
 + Level 6.8 Armour
 + Level 6.8 Shields
 + Level 6.3 Invocations


You had 8 spell levels left.
You didn't know any spells.
Your spell library was empty.

Dungeon Overview and Level Annotations

Branches:
Dungeon (7/15)             Temple (1/1) D:4

Altars:
Ashenzari
Cheibriados
Elyvilon
Fedhas
Gozag
Hepliaklqana
Kikubaaqudgha
Makhleb
Nemelex Xobeh
Okawaru
Qazlal
Ru
Sif Muna
Trog
Uskayaw
Vehumet
Wu Jian
Xom
Yredelemnul
Zin
The Shining One


Innate Abilities, Weirdness & Mutations

You are resistant to damage.
You can heal yourself by infusing magical energy.
You passively map the area around you.
You do not regenerate.


Message History

The wyvern zombie is severely damaged.
The wyvern zombie bites you.
You hit the wyvern zombie.
The wyvern zombie is almost destroyed.
You block the wyvern zombie's attack. The wyvern zombie bites you.
You completely miss the wyvern zombie.
The wyvern zombie is almost destroyed.
The wyvern zombie bites you but does no damage.
You hit the wyvern zombie but do no damage.
The wyvern zombie is almost destroyed.
You block the wyvern zombie's attack.
The wyvern zombie bites you but does no damage.
Your shield and plate armour prevent you from hitting the wyvern zombie.
The wyvern zombie is almost destroyed.
The wyvern zombie bites you.
You barely miss the wyvern zombie.
The wyvern zombie is almost destroyed.
You block the wyvern zombie's attack.
You hit the wyvern zombie.
The wyvern zombie is almost destroyed.
The wyvern zombie bites you but does no damage.
The wyvern zombie bites you.
You hit the wyvern zombie.
The wyvern zombie is almost destroyed.
The wyvern zombie bites you.
A wyvern zombie is nearby!
A wyvern zombie is nearby!
A wyvern zombie is nearby!
A wyvern zombie is nearby!
You slash the wyvern zombie!
You destroy the wyvern zombie!
Makhleb accepts your kill.
No target in view!
No target in view!
No target in view!
No target in view!
No target in view!
No target in view!
No target in view!
Found a stone staircase leading up.
A hound skeleton comes into view.
A hound skeleton is nearby!
A hound skeleton is nearby!
A hound skeleton is nearby!
A hound skeleton is nearby!
A hound skeleton is nearby!
Drop what? 19/52 slots (_ for help) (? for menu, Esc to quit)
Okay, then.
You slash the hound skeleton!
The hound skeleton is heavily damaged.
The hound skeleton bites you but does no damage.
You slash the hound skeleton!
You destroy the hound skeleton!
Makhleb accepts your kill.
You feel better.
No target in view!
No target in view!
No target in view!
No target in view!
No target in view!
No target in view!
No target in view!
No target in view!
l - a scroll of identify {@r1}
Found a ring mail.
You see here a ring mail.
You now have 215 gold pieces (gained 13).
Found a stone staircase leading up.
There is a stone staircase leading up here.
You see here a whip.
Things that are here:
a +0 club; a +0 leather armour
Things that are here:
a +0 short sword; a +0 ring mail
There is an open door here.
There is an open door here.
You see here a war axe.
Done exploring.
No target in view!
Done exploring.
No target in view!
No target in view!
No target in view!
No target in view!
No target in view!
No target in view!
No target in view!
No target in view!
No target in view!
No target in view!
No target in view!
No target in view!
No target in view!
Saving game... please wait.
Welcome back, EnegeticOcto the Deep Dwarf Fighter.
Blood and souls for Makhleb!
Press ? for a list of commands and other information.
Drop what? 20/52 slots (_ for help) (? for menu, Esc to quit)
You drop 2 potions of stabbing.
Are you sure you want to abandon this character and quit the game? (Confirm with "yes".)

#...#######
#.#.....#..
#...###.... ##.##
#.... ### #)#
##... ##.## #.#
#...# ##.#.#####.#
#.### #.###......#
#.# ##@#.#######
#.# ##.## #.# #.#
#.# # #.# #.# #
#.###########.###
##...........†....
#..###########.###
#..# #.# # #..#
#.# #


There were no monsters in sight!

Vanquished Creatures
  A hippogriff (D:7)
  A wraith (D:6)
  3 orc warriors
  A sky beast (D:6)
  3 ice beasts
  A phantom (D:5)
  A centaur (D:6)
  2 ogres
  A crocodile (D:5)
  3 bullfrogs
  A gnoll sergeant (D:6)
  A wyvern zombie (D:7)
  9 killer bees (D:7)
  3 wights (D:7)
  A howler monkey (D:5)
  2 jellies
  6 hounds
  3 orc priests
  2 orc wizards
  2 iguanas
  2 worker ants
  A killer bee zombie (D:5)
  A hound zombie (D:5)
  3 hound skeletons
  3 gnolls (D:6)
  3 adders
  2 shadow imps
  A white imp (D:5)
  An ufetubus (D:6)
  2 adder zombies (D:5)
  2 adder skeletons
  2 worms
  2 dart slugs
  3 leopard geckos
  28 orcs
  3 giant cockroaches
  A goblin (D:1)
  2 hobgoblins (D:1)
  6 jackals
  5 quokkas
  2 ball pythons
  4 bats
  3 frilled lizards
  A kobold (D:1)
130 creatures vanquished.

Notes
Turn   | Place    | Note
-------+----------+-------------------------------------------
     0 | D:1      | EnegeticOcto the Deep Dwarf Fighter began the quest for the
                  | Orb.
     0 | D:1      | Reached XP level 1. HP: 20/20 MP: 1/1
   147 | D:1      | Reached XP level 2. HP: 27/27 MP: 2/2
   432 | D:4      | Reached skill level 3 in Axes
   458 | D:4      | Reached XP level 3. HP: 28/33 MP: 3/3
   602 | D:4      | Reached XP level 4. HP: 38/42 MP: 3/3
   712 | D:4      | Reached skill level 4 in Axes
   712 | D:4      | Reached XP level 5. HP: 38/49 MP: 4/4
   760 | D:4      | Found a staircase to the Ecumenical Temple.
   771 | Temple   | Entered the Ecumenical Temple
   778 | Temple   | Became a worshipper of Makhleb the Destroyer
   886 | D:5      | Entered Level 5 of the Dungeon
   968 | D:5      | Reached skill level 1 in Invocations
  1035 | D:5      | Noticed a phantom
  1078 | D:5      | Killed a phantom
  1078 | D:5      | Reached XP level 6. HP: 36/57 MP: 3/5
  1101 | D:5      | Reached skill level 5 in Axes
  1175 | D:5      | Reached XP level 7. HP: 26/63 MP: 4/4
  1305 | D:5      | Reached * piety under Makhleb
  1331 | D:5      | Reached skill level 5 in Armour
  1476 | D:5      | Reached skill level 5 in Shields
  1651 | D:6      | Reached skill level 6 in Axes
  1707 | D:6      | Noticed a wraith
  1719 | D:6      | Reached XP level 8. HP: 58/73 MP: 6/6
  1835 | D:6      | Reached skill level 7 in Axes
  1950 | D:6      | Reached skill level 5 in Invocations
  2003 | D:6      | Reached skill level 5 in Fighting
  2023 | D:6      | Found a broken altar of Ashenzari.
  2023 | D:6      | Found an opulent altar of Gozag.
  2195 | D:7      | Noticed a hippogriff
  2207 | D:7      | Killed a hippogriff
  2207 | D:7      | Reached ** piety under Makhleb
  2233 | D:7      | Reached skill level 8 in Axes
  2233 | D:7      | Gained mutation: You passively map the area around you.
                  | [Deep Dwarf growth]
  2233 | D:7      | Reached XP level 9. HP: 62/81 MP: 7/9
  2525 | D:7      | Found an ancient bone altar of Kikubaaqudgha.
  2677 | D:7      | Reached skill level 9 in Axes
  2904 | D:7      | Quit the game

Illustrated notes

Levels and vault maps discovered:
D:1:      dpeg_arrival_snail, layout_loops_ring, minmay_worlds_worst_comb
D:2:      layout_basic
D:3:      layout_basic, grunt_dithmenos_smoke_and_mirrors,
          minmay_fractal_squares_diagonal_5
D:4:      layout_rooms, temple_hall
D:5:      layout_loops_ring, hangedman_abyss_or_decor_slice
D:6:      layout_rooms, gammafunk_temple_overflow_wave
D:7:      layout_loops_ring, lemuel_doored_altar
Temple:   nicolae_temple_no_exploring_needed

Skill      XL: |  1  2  3  4  5  6  7  8  9 |
---------------+----------------------------+-----
Axes           | 3 4 5 6 8 9 |  9.0
Fighting       | 3 4 5 |  5.7
Armour         | 4 5 6 |  6.8
Shields        | 4 5 6 |  6.8
Invocations    | 1 2 3 5 6 |  6.3

Action                   |  1- 3 |  4- 6 |  7- 9 || total
-------------------------+-------+-------+-------++-------
Melee: War axe           |    99 |   130 |   329 ||   558
 Abil: Heal Wounds       |     3 |     5 |    21 ||    29
  Use: Scroll            |       |       |    14 ||    14
       Potion            |       |       |     1 ||     1
Armor: Scale mail        |    40 |    44 |    33 ||   117
       Plate armour      |       |       |   217 ||   217
Dodge: Dodged            |    29 |    30 |    97 ||   156
Block: Kite shield       |    66 |    61 |   289 ||   416

Table legend: (Time is in decaauts)
 A = Elapsed time spent in this place.
 B = Non-inter-level travel time spent in this place.
 C = Inter-level travel time spent in this place.
 D = Time resting spent in this place.
 E = Time spent auto-exploring this place.
 F = Levels seen in this place.
 G = Mean time per level.
                   A        B        C        D        E       F      G
               +--------+--------+--------+--------+--------+-----+--------+
         Total |   3093 |   2947 |    146 |      0 |   1798 |   8 |  386.6 |
       Dungeon |   3078 |   2944 |    134 |      0 |   1798 |   7 |  439.7 |
        Temple |     14 |      2 |     12 |      0 |      0 |   1 |   14.0 |
               +--------+--------+--------+--------+--------+-----+--------+

Top non-repeatable levels by time:
     D:5: 781 daAuts
     D:7: 731 daAuts
     D:6: 638 daAuts
     D:4: 468 daAuts
     D:1: 281 daAuts
     D:2: 92 daAuts
     D:3: 84 daAuts
  Temple: 14 daAuts
